Map: Ever Dream LE

Players

Spatz

  • Race: Protoss Protoss
  • League: Master
  • Spawn Location: 7:00

LiquidClem (Clem) - Winner!

  • Race: Terran Terran
  • League: Master
  • Spawn Location: 1:00

Event: DreamHack SC2 Masters 2020 Summer Europe

VOD

Have the link to the VOD?

Description

Time

  • Played on: June 26, 2020, 12:19 p.m.
  • Length: 10:39

All games in this series

Show
View Real Time Build Order
Export as new Build Order

Spatz Protoss 

Build Orders: 1 Gate Expand, Mass Adepts 

Get SALT Encoding   

  12  0:01  Probe  
  13  0:13  Probe  
  14  0:17  Pylon  
  14  0:24  Probe  
  15  0:32  Probe  
  15  0:36  Gateway  
  15  0:40  Probe  
  16  0:46  Assimilator  
  17  0:51  Probe  
  18  1:04  Probe  
  19  1:16  Probe  
  20  1:22  Nexus  
  20  1:34  Cybernetics Core  
  20  1:36  Probe  
  21  1:43  Pylon  
  21  1:48  Probe  
  21  1:51  Assimilator, Warp Gate  
  22  2:00  Adept, Probe  
  23  2:12  Probe  
  26  2:25  Probe  
  27  2:30  Adept  
  27  2:35  Probe  
  31  2:37  Probe  
  31  2:44  Gateway  
  31  2:46  Gateway  
  31  2:47  Probe  
  31  2:49  Probe  
  33  2:59  Probe  
  33  3:00  Adept  
  33  3:01  Probe  
  37  3:11  Probe  
  38  3:13  Probe  
  39  3:23  Probe  
  39  3:25  Probe  
  39  3:26  Pylon  
  41  3:31  Twilight Council  
  41  3:36  Probe  
  41  3:37  Probe  
  43  3:42  Adept  
  43  3:44  Pylon  
  43  3:45  Adept x2  
  43  3:48  Probe  
  50  3:53  Probe  
  50  3:54  Robotics Facility  
  51  4:00  Probe  
  52  4:05  Adept x3  
  52  4:09  Probe  
  59  4:16  Dark Shrine  
  59  4:20  Assimilator  
  59  4:21  Assimilator  
  59  4:23  Probe, Pylon  
  60  4:26  Probe  
  59  4:35  Warp Prism, Probe  
  56  4:39  Probe  
  56  4:40  Adept x3  
  61  5:01  Probe  
  61  5:05  Probe  
  62  5:09  Robotics Bay  
  62  5:10  Probe  
  62  5:13  Probe  
  60  5:18  Probe  
  61  5:21  Probe  
  61  5:24  Pylon  
  63  5:29  Dark Templar  
  65  5:40  Dark Templar x2  
  65  5:42  Probe  
  70  5:43  Nexus  
  70  5:46  Probe  
  57  5:54  Probe  
  58  5:58  Probe  
  58  6:02  Stalker, Colossus  
  56  6:06  Probe  
  56  6:10  Probe  
  56  6:17  Sentry, Stalker  
  60  6:18  Probe  
  60  6:22  Probe  
  60  6:25  Charge  
  64  6:26  Stalker  
  64  6:30  Probe, Pylon  
  67  6:34  Probe  
  67  6:37  Gateway  
  67  6:38  Gateway  
  68  6:40  Sentry x2  
  68  6:45  Probe  
  68  6:46  Colossus  
  73  6:50  Pylon  
  73  6:52  Forge  
  73  6:55  Probe x2  
  73  6:58  Probe  
  82  7:04  Stalker  
  80  7:16  Stalker x2  
  80  7:17  Probe  
  62  7:30  Probe  
  62  7:31  Probe  
  62  7:33  Dark Templar  
  60  7:38  Stalker x2  
  60  7:39  Stalker x2  
  60  7:40  Shield Battery  
  60  7:42  Probe  
  67  7:56  Nexus  
  67  8:03  Dark Templar, Pylon  
  69  8:05  Dark Templar  
  69  8:07  Probe  
  69  8:09  Protoss Ground Weapons Level 1  
  69  8:12  Probe  
  73  8:19  Probe  
  74  8:22  Zealot x3  
  74  8:24  Probe  
  65  8:34  Probe  
  65  8:39  Zealot x2  
  68  8:46  Sentry x3  
  70  8:49  Probe  
  70  8:51  Colossus  
  67  9:01  Nexus  
  73  9:06  Probe x2  
  75  9:13  Zealot x3  
  81  9:21  Zealot  
  81  9:22  Zealot  
  85  9:28  Probe  
  84  9:33  Probe  
  84  9:38  Stalker x2  
  71  9:40  Probe  
  71  9:45  Probe  
  71  9:46  Dark Templar  
  71  9:51  Shield Battery x2  
  69  9:56  Zealot  
  69  9:57  Sentry  
  61  10:09  Zealot x2  
  51  10:16  Zealot  
  51  10:20  Dark Templar  
  47  10:24  Dark Templar  
  44  10:32  Archon  
Show
View Real Time Build Order
Export as new Build Order

LiquidClem Terran - Winner!

Build Orders: Reaper Expand 

Get SALT Encoding   

  12  0:00  SCV  
  13  0:12  SCV  
  14  0:17  Supply Depot  
  14  0:24  SCV  
  15  0:38  SCV  
  15  0:40  Barracks  
  16  0:44  Refinery  
  16  0:50  SCV  
  17  1:03  SCV  
  18  1:15  SCV  
  19  1:28  Orbital Command, Reaper  
  20  1:41  Command Center  
  20  1:53  Supply Depot, SCV  
  21  2:00  Marine  
  22  2:05  SCV  
  23  2:09  Factory  
  23  2:18  SCV  
  23  2:22  Barracks Reactor  
  24  2:30  SCV, Barracks  
  25  2:40  Refinery  
  25  2:42  SCV  
  26  2:54  SCV  
  26  2:56  Orbital Command  
  27  3:03  Hellion x2  
  27  3:04  Barracks Tech Lab  
  31  3:06  SCV  
  32  3:15  Bunker  
  32  3:18  SCV  
  33  3:21  SCV  
  33  3:23  Stimpack, Marine  
  35  3:30  Supply Depot, SCV  
  35  3:32  Marine x2  
  35  3:33  SCV  
  39  3:35  Widow Mine  
  41  3:42  SCV  
  41  3:43  Marine  
  41  3:46  SCV  
  44  3:52  Starport, Supply Depot  
  44  3:54  Marine, SCV  
  44  3:55  Marine  
  47  3:58  Widow Mine  
  47  4:00  Marine  
  47  4:02  SCV  
  50  4:08  Supply Depot  
  50  4:11  Marine  
  50  4:13  Marine  
  50  4:16  Supply Depot  
  52  4:18  Marine, SCV x2  
  52  4:19  Factory Tech Lab  
  52  4:23  Engineering Bay  
  55  4:29  Marine  
  55  4:30  Marine, SCV  
  54  4:36  Marine  
  51  4:40  SCV  
  51  4:44  Starport Reactor  
  52  4:46  SCV  
  52  4:47  Marine  
  52  4:48  Marine  
  52  4:50  Siege Tank  
  58  4:56  SCV  
  58  4:57  Marine  
  58  5:01  Terran Infantry Weapons Level 1, SCV  
  59  5:08  SCV  
  59  5:09  Combat Shield  
  59  5:13  Refinery, SCV  
  59  5:15  Marine  
  59  5:16  Missile Turret  
  59  5:18  Marine  
  59  5:20  SCV  
  62  5:24  Marauder  
  62  5:25  SCV  
  65  5:30  Supply Depot  
  65  5:32  SCV  
  65  5:33  Siege Tank  
  69  5:36  Marine  
  69  5:37  Marine  
  69  5:38  SCV  
  69  5:41  Medivac  
  74  5:44  SCV  
  74  5:48  Missile Turret  
  66  5:50  SCV  
  66  5:56  Marine, SCV  
  66  5:57  Marine  
  65  6:02  SCV  
  61  6:08  SCV  
  58  6:12  Marauder  
  58  6:14  SCV  
  58  6:20  Marine, SCV  
  58  6:23  Marine  
  61  6:26  Factory Reactor, SCV  
  62  6:33  SCV  
  62  6:34  Supply Depot  
  62  6:35  Medivac  
  62  6:38  Marine, SCV  
  62  6:39  Marine  
  68  6:45  SCV  
  69  6:47  Marine  
  69  6:52  Barracks  
  70  6:54  SCV  
  70  6:56  Marine  
  70  6:58  Supply Depot  
  70  7:00  Marauder  
  74  7:03  SCV  
  74  7:06  SCV  
  76  7:09  Widow Mine x2  
  76  7:14  Marine  
  77  7:15  SCV  
  77  7:17  Medivac  
  77  7:20  SCV  
  80  7:25  Supply Depot  
  80  7:26  Marine  
  80  7:27  SCV  
  81  7:30  Widow Mine  
  81  7:31  Marauder  
  81  7:32  SCV  
  81  7:33  Medivac  
  85  7:40  Marine, Refinery, Widow Mine  
  85  7:43  Marauder  
  90  7:45  SCV  
  90  7:48  SCV  
  88  7:54  Marauder, Marine  
  88  7:57  Medivac  
  90  8:10  Command Center  
  90  8:13  Marine x2  
  90  8:14  Marauder  
  90  8:16  Terran Infantry Armor Level 1  
  90  8:17  SCV  
  90  8:18  Supply Depot  
  95  8:21  Marauder  
  97  8:29  SCV  
  97  8:31  SCV  
  97  8:33  Marine  
  97  8:34  Marine  
  97  8:36  Marauder, Medivac  
  97  8:38  Medivac  
  99  8:46  Factory Tech Lab  
  97  8:50  Barracks  
  97  8:51  Barracks  
  97  8:52  Marauder  
  97  8:54  Marine x2  
  96  8:57  Marauder  
  98  9:04  Starport, SCV x2  
  98  9:07  Concussive Shells  
  98  9:08  Supply Depot  
  100  9:16  SCV  
  101  9:17  Factory Reactor  
  101  9:20  Marine x2  
  103  9:24  Missile Turret x2  
  103  9:26  Viking  
  103  9:31  Viking  
  107  9:34  SCV  
  107  9:35  SCV  
  107  9:37  Marauder  
  108  9:42  Marine  
  104  9:46  SCV  
  104  9:49  Orbital Command  
  99  9:54  SCV  
  99  9:58  SCV  
  100  10:04  Marauder  
  100  10:06  SCV  
  99  10:11  SCV  
  99  10:12  Marine x2  
  91  10:15  SCV  
Tags
 
Add a new tag
Caveats
  • Supply blocks, unpowered buildings, or Contaminate may cause inaccurate times.
  • Supply counts are checked every 10 seconds.